 Dungeon Crawl Stone Soup version 0.31-a0-1603-gbec6b6ccbf (webtiles) character file.

Game seed: 17448634247592514134

5219 Xavori the Ducker (level 10, 0/65 HPs)
             Began as a Djinni Chaos Knight on Jan 7, 2024.
             Was a Plaything of Xom.
             Slain by a warg (11 damage)
             ... on level 9 of the Dungeon.
             The game lasted 00:08:40 (9405 turns).

Xavori the Ducker (Djinni Chaos Knight)             Turns: 9405, Time: 00:08:40

Health: 0/65       AC: 11    Str: 13    XL:     10   Next: 92%
Gold:   422        EV: 15    Int: 18    God:    Xom [.....*] SH:  5 Dex: 22

rFire   + + .        y - +2 falchion (elec)
rCold   x . .        (no shield)
rNeg    + + .        m - +2 ring mail of the Carpenter {rPois rN+ Stlth+}
rPois   ∞            (helmet restricted)
rElec   +            (no cloak)
rCorr   .            A - +0 pair of gloves {Str+3}
SInv    .            (boots unavailable)
Will    +....        g - amulet of reflection
Stlth   ++           e - ring of positive energy
HPRegen 1.10/turn    t - +6 ring of intelligence
MPRegen 0.00/turn

%: reflection, infuse magic (-1 HP)
@: brilliant, flying, invisible
A: sickness immunity, fire resistance 2, cold vulnerability 1, float, innate
caster, HP casting, extra vitality 1, claws 2, horns 1, iridescent scales 1,
agile 1, frail 1, regeneration 1, electricity resistance, wild magic 2
a: Renounce Religion


You were on level 9 of the Dungeon.
You worshipped Xom.
You were Xom's teddy bear.
You visited 1 branch of the dungeon, and saw 9 of its levels.

You collected 422 gold pieces.

Inventory:

Hand Weapons
 y - a +2 falchion of electrocution (weapon)
Missiles
 d - a throwing net
Armour
 b - a +2 leather armour
 m - the +2 ring mail of the Carpenter (worn) {rPois rN+ Stlth+}
   (You found it on level 3 of the Dungeon)

   rPois:     It protects you from poison rN+: It protects you from negative
   energy.
   Stlth+:    It makes you more stealthy.
 A - a +0 pair of gloves of strength (worn)
Jewellery
 e - a ring of positive energy (left hand)
 g - an amulet of reflection (around neck)
 r - a ring of ice
 t - a +6 ring of intelligence (right hand)
Wands
 h - a wand of digging (3)
 n - a wand of polymorph (10)
 s - a wand of iceblast (13)
Scrolls
 a - a scroll of enchant weapon
 c - a scroll of butterflies
 k - 2 scrolls of revelation
 l - 2 scrolls of immolation
 u - 5 scrolls of teleportation
 w - a scroll of fear
Potions
 f - a potion of magic {unknown}
 i - a potion of berserk rage {unknown}
 j - 3 potions of mutation
 o - a potion of heal wounds {unknown}
 p - a potion of ambrosia {unknown}
 q - a potion of might {unknown}
 v - a potion of haste {unknown}
 z - 3 potions of curing
 B - 2 potions of brilliance


   Skills:
 + Level 6.9 Fighting
 + Level 6.2 Long Blades
 + Level 6.2 Armour
 + Level 7.1 Dodging
 * Level 7.1 Spellcasting
 * Level 7.1 Conjurations
 * Level 7.1 Hexes
   Level 0.0 Charms
 * Level 7.1 Summonings
 * Level 7.1 Necromancy
 * Level 7.1 Translocations
   Level 0.0 Transmutations
 * Level 7.1 Fire Magic
 * Level 7.1 Ice Magic
 * Level 7.1 Air Magic
 * Level 7.1 Earth Magic
 * Level 7.1 Alchemy


You knew the following spells:

 Your Spells              Type           Power      Damage    Failure   Level
a - Necrotise             Necr           100%       1d9       4%          1
b - Searing Ray           Conj           100%       2d8       5%          2
c - Volatile Blastmotes   Fire/Tloc      100%       2d18      9%          3
d - Petrify               Alch/Erth      67%        N/A       22%         4
Your spell library was empty.

Dungeon Overview and Level Annotations

Branches:
Dungeon (9/15)             Temple (0/1) D:4
   Lair: D:8-11         Orc: D:9-12

Altars:
Qazlal
Wu Jian
Xom
Yredelemnul

Shops:
D:2 :


Innate Abilities, Weirdness & Mutations

You are immune to sickness and miasma.
You are immune to poison.
Your flesh is very heat resistant. (rF++)
You are vulnerable to cold. (rC-)
You float through the air rather than walking.
You learn spells naturally, not from books.
Your magical power is your life essence.
You have superior vitality. (+4 MHP)
You have very sharp fingernails.
You have a pair of small horns on your head.
You are partially covered in iridescent scales. (AC +2)
You are agile. (Dex +4, Str/Int -1)
You are frail. (-10% HP)
Your natural rate of healing is unusually fast.
You are resistant to electric shocks. (rElec)
Your spells are harder to cast, but more powerful.


Message History

You barely miss the warg.
You headbutt the warg, but do no damage.
The warg is heavily wounded.
The warg misses you.
You closely miss the warg.
The warg is heavily wounded.
The warg barely misses you. The warg bites you!
You barely miss the warg.
The warg is moderately wounded.
The warg bites you!!
You hit the warg but do no damage.
The warg is moderately wounded.
The warg bites you! x2
* * * LOW HITPOINT WARNING * * *
You are too injured to fight recklessly!
You are too injured to fight recklessly!
You hit the warg but do no damage. Your headbutt misses the warg.
The warg is moderately wounded.
The kobold brigand looks more healthy.
The warg completely misses you.
Okay, then.
Okay, then.
Aiming: Polymorph
Press: ? - help, Shift-Dir - straight line, f - warg
Aim: a warg (moderately wounded, will become a crocodile, an ogre, or a steam dragon, chance to affect: 31%)
Okay, then.
It was a potion of curing.
You feel better. The warg bites you but does no damage. The warg bites you!
* * * LOW HITPOINT WARNING * * *
It was a potion of brilliance.
You feel clever all of a sudden.
Xom roars with laughter!
The warg bites you but does no damage.
Okay, then.
It was a potion of invisibility.
You fade into invisibility!
You block the warg's attack.
The orc wizard points at you and mumbles some strange words.
The orc appears confused.
The warg misses you. The warg attacks as it pursues you! The warg bites you!
You die...

#...... (.....
....# #
#.#.###### .###
#.#.)##..# #...
#.#.#....##..##
#.#.##........#
#.#.###.#.####.
#.#.##.@.##..#.#
###.#.##.#h#K...#
#.....#####.o#
#.....# #.#oo.#
#.....# #o ##.#
#.....# .o ..
#.....# #.. .#
#.....# .#. ..
#.....#..## #


You could see a warg, an orc wizard (unable to see you) and 2 orcs.

Vanquished Creatures
  Jeremiah (D:6)
  Grinder (D:5)
  2 wyverns (D:9)
  3 yaks (D:8)
  2 water moccasins
  2 sky beasts
  3 orc warriors
  2 black bears
  2 centaurs
  A phantom (D:4)
  2 bullfrogs (D:7)
  A kobold brigand (D:7)
  2 scorpions
  2 gnoll sergeants
  4 wights (D:7)
  11 killer bees
  2 electric eels (D:7)
  5 howler monkeys (D:8)
  4 bombardier beetles
  3 hounds
  3 orc priests
  3 jellies
  2 gnoll boudas
  Ijyb (D:3)
  2 sleepcaps
  Jessica (D:2)
  2 iguanas (D:6)
  9 orc wizards
  31 gnolls
  8 adders
  A shadow imp (D:5)
  4 ufetubi
  4 ribbon worms
  2 dart slugs (D:1)
  20 orcs
  A bat (shapeshifter) (D:4)
  7 endoplasms
  6 giant cockroaches
  14 goblins
  7 hobgoblins
  2 jackals (D:1)
  5 quokkas
  6 ball pythons
  4 bats
  8 frilled lizards
  16 kobolds
  3 rats
227 creatures vanquished.

Vanquished Creatures (collateral kills)
  A wyvern (D:7)
  An endoplasm (D:2)
  A goblin (D:2)
3 creatures vanquished.

Vanquished Creatures (others)
  A centaur (D:5)
  A gnoll bouda (D:5)
  An orc (D:7)
3 creatures vanquished.

Grand Total: 233 creatures vanquished

Notes
Turn   | Place    | Note
-------+----------+-------------------------------------------
     0 | D:1      | Xavori the Djinni Chaos Knight began the quest for the Orb.
     0 | D:1      | Reached XP level 1. HP: 20/20 MP: 0/0
    45 | D:1      | XOM: silly message
   126 | D:1      | Reached XP level 2. HP: 18/25 MP: 0/0
   388 | D:1      | Reached XP level 3. HP: 30/30 MP: 0/0
   388 | D:1      | Learned a level 1 spell: Necrotise
   393 | D:1      | Reached skill level 1 in Spellcasting
   393 | D:1      | Reached skill level 1 in Conjurations
   393 | D:1      | Reached skill level 1 in Hexes
   393 | D:1      | Reached skill level 1 in Summonings
   393 | D:1      | Reached skill level 1 in Necromancy
   393 | D:1      | Reached skill level 1 in Translocations
   393 | D:1      | Reached skill level 1 in Fire Magic
   393 | D:1      | Reached skill level 1 in Ice Magic
   393 | D:1      | Reached skill level 1 in Air Magic
   393 | D:1      | Reached skill level 1 in Earth Magic
   393 | D:1      | Reached skill level 1 in Alchemy
   707 | D:1      | XOM: silly message
   731 | D:1      | XOM: divination: detect items
   765 | D:1      | XOM: divination: detect items
   962 | D:2      | XOM: silly message
  1110 | D:1      | XOM: silly message
  1146 | D:1      | XOM: summons 2 hostile demons
  1153 | D:2      | XOM: god gift: dented diamond amulet {god gift}
  1554 | D:1      | XOM: give mutations
  1554 | D:1      | Gained mutation: You have sharp fingernails. [Xom's grace]
  1554 | D:1      | Gained mutation: You are resistant to electric shocks.
                  | (rElec) [Xom's grace]
  1554 | D:1      | Gained mutation: Your muscles are strong. (Str +4, Int/Dex
                  | -1) [Xom's grace]
  1554 | D:1      | Gained mutation: You have a pair of small horns on your
                  | head. [Xom's grace]
  1992 | D:1      | XOM: scenery: create altars
  2849 | D:1      | XOM: cloud trail
  3431 | D:1      | XOM is BORED!
  3431 | D:1      | XOM: summons 3 hostile shadow creatures
  3524 | D:2      | XOM: god gift: 3 atropa-tipped darts
  4029 | D:1      | XOM: give mutations
  4029 | D:1      | Gained mutation: You are agile. (Dex +4, Str/Int -1) [Xom's
                  | grace]
  4029 | D:1      | Gained mutation: You are partially covered in iridescent
                  | scales. (AC +2) [Xom's grace]
  4029 | D:1      | Gained mutation: Your natural rate of healing is unusually
                  | fast. [Xom's grace]
  4029 | D:1      | Gained mutation: Your flesh is almost immune to the effects
                  | of heat. (rF+++) [Xom's grace]
  4058 | D:2      | Found Vidoxzash's Vocational Training.
  4177 | D:2      | Noticed Jessica
  4178 | D:2      | XOM: summons friendly quasit
  4183 | D:2      | Killed Jessica
  4184 | D:2      | Reached XP level 4. HP: 35/35 MP: 0/0
  4227 | D:2      | XOM: give mutation
  4227 | D:2      | Gained mutation: You occasionally lose the ability to read
                  | scrolls when taking damage. [Xom's mischief]
  4361 | D:2      | XOM: 2-stop teleportation journey
  4415 | D:2      | Reached XP level 5. HP: 40/40 MP: 0/0
  4415 | D:2      | Learned a level 2 spell: Searing Ray
  4418 | D:2      | XOM: give mutations
  4418 | D:2      | Gained mutation: A frigid envelope surrounds you and
                  | freezes all who hurt you. [Xom's grace]
  4418 | D:2      | Gained mutation: You have very sharp fingernails. [Xom's
                  | grace]
  4418 | D:2      | Gained mutation: Your spells are a little harder to cast,
                  | but a little more powerful. [Xom's grace]
  4418 | D:2      | Gained mutation: You are mostly covered in iridescent
                  | scales. (AC +4) [Xom's grace]
  4662 | D:3      | XOM: give mutations
  4662 | D:3      | Gained mutation: You are covered in fur. (AC +1) [Xom's
                  | grace]
  4662 | D:3      | Gained mutation: You are very agile. (Dex +8, Str/Int -2)
                  | [Xom's grace]
  4662 | D:3      | Gained mutation: Your spells are harder to cast, but more
                  | powerful. [Xom's grace]
  4779 | D:3      | Found a basalt altar of Yredelemnul.
  4788 | D:3      | Identified the +2 ring mail of the Carpenter {rPois rN+
                  | Stlth+}
  4972 | D:3      | Noticed Ijyb
  4980 | D:3      | Killed Ijyb
  5185 | D:4      | Noticed a black bear
  5194 | D:4      | XOM: fog
  5201 | D:4      | XOM: summons 5 friendly demons
  5206 | D:4      | Killed a black bear
  5207 | D:4      | Reached XP level 6. HP: 27/47 MP: 0/0
  5245 | D:4      | XOM: 9-stop teleportation journey
  5281 | D:4      | Reached XP level 7. HP: 51/51 MP: 0/0
  5281 | D:4      | Learned a level 3 spell: Volatile Blastmotes
  5295 | D:4      | XOM: summons 4 hostile demons
  5370 | D:4      | XOM: divination: magic mapping
  5384 | D:4      | XOM: 1-stop teleportation journey
  5472 | D:4      | XOM: give mutations
  5472 | D:4      | Lost mutation: Your muscles are strong. (Str +4, Int/Dex
                  | -1) [Xom's mischief]
  5472 | D:4      | Lost mutation: A frigid envelope surrounds you and freezes
                  | all who hurt you. [Xom's mischief]
  5587 | D:4      | Found a staircase to the Ecumenical Temple.
  5615 | D:4      | an adder changed into a glowing shapeshifter
  5615 | D:4      | Noticed a glowing shapeshifter (glowing shapeshifter)
  5615 | D:4      | XOM: polymorph adder -> glowing shapeshifter
  5615 | D:4      | a glowing shapeshifter changed into a bat
  5745 | D:5      | Entered Level 5 of the Dungeon
  5755 | D:5      | XOM: swap monsters
  5787 | D:5      | Found an ornate altar of the Wu Jian Council.
  5897 | D:5      | XOM: noise
  6072 | D:5      | Reached XP level 8. HP: 58/58 MP: 0/0
  6190 | D:5      | Noticed Grinder
  6195 | D:5      | XOM: divine lightning
  6207 | D:5      | XOM: give mutations
  6207 | D:5      | Lost mutation: Your flesh is almost immune to the effects
                  | of heat. (rF+++) [Xom's mischief]
  6207 | D:5      | Lost mutation: You occasionally lose the ability to read
                  | scrolls when taking damage. [Xom's mischief]
  6207 | D:5      | Lost mutation: You are mostly covered in iridescent scales.
                  | (AC +4) [Xom's mischief]
  6207 | D:5      | Paralysed by Grinder for 3 turns
  6208 | D:5      | XOM: confusion
  6232 | D:5      | Killed Grinder
  6368 | D:5      | XOM: scenery: 1 doors open, 1 doors close
  6369 | D:5      | XOM: give mutations
  6369 | D:5      | Lost mutation: You are covered in fur. (AC +1) [Xom's
                  | mischief]
  6369 | D:5      | Lost mutation: You are very agile. (Dex +8, Str/Int -2)
                  | [Xom's mischief]
  6369 | D:5      | Gained mutation: You are frail. (-10% HP) [Xom's mischief]
  6372 | D:5      | XOM: smoke on damage
  6729 | D:6      | XOM: stealth player
  6758 | D:6      | Noticed Jeremiah
  6795 | D:6      | XOM: potion effect (brilliance)
  6807 | D:6      | XOM: potion effect (curing)
  6810 | D:6      | XOM: divination: detect creatures
  6817 | D:6      | Killed Jeremiah
  6818 | D:6      | Reached skill level 5 in Fighting
  6818 | D:6      | Reached skill level 5 in Dodging
  6818 | D:6      | Reached XP level 9. HP: 27/58 MP: 0/0
  6818 | D:6      | Learned a level 4 spell: Petrify
  7098 | D:6      | XOM: cleaving
  7109 | D:6      | Reached skill level 5 in Spellcasting
  7109 | D:6      | Reached skill level 5 in Conjurations
  7109 | D:6      | Reached skill level 5 in Hexes
  7109 | D:6      | Reached skill level 5 in Summonings
  7109 | D:6      | Reached skill level 5 in Necromancy
  7109 | D:6      | Reached skill level 5 in Translocations
  7109 | D:6      | Reached skill level 5 in Fire Magic
  7109 | D:6      | Reached skill level 5 in Ice Magic
  7109 | D:6      | Reached skill level 5 in Air Magic
  7109 | D:6      | Reached skill level 5 in Earth Magic
  7109 | D:6      | Reached skill level 5 in Alchemy
  7248 | D:6      | Reached skill level 5 in Long Blades
  7417 | D:6      | Found a stormy altar of Qazlal.
  7689 | D:7      | XOM: summons 2 friendly demons
  7835 | D:7      | Reached skill level 5 in Armour
  7886 | D:7      | XOM: divination: magic mapping
  7890 | D:7      | XOM: divination: detect creatures
  7895 | D:7      | XOM: summons friendly quasit
  7910 | D:7      | Reached XP level 10. HP: 26/64 MP: 0/0
  8287 | D:8      | XOM: potion effect (might)
  8460 | D:8      | XOM: divination: detect creatures
  8576 | D:8      | Found a shimmering altar of Xom.
  8953 | D:8      | XOM: divination: detect creatures
  8976 | D:8      | XOM: noise
  9396 | D:9      | XOM: enchant monster (good)
  9405 | D:9      | Slain by a warg

Illustrated notes

Levels and vault maps discovered:
D:1:      giann_forest_graveyard, layout_loops_corners
D:2:      layout_loops_ring, st_stairs_2, grunt_decor_cap,
          nicolae_shop_vocational, uniq_jessica
D:3:      layout_basic, mainiacjoe_overflow_six_doors_small, uniq_ijyb
D:4:      layout_basic, minmay_temple_entry_butterflies
D:5:      layout_gridville, mainiacjoe_overflow_paths, kennysheep_nub,
          minmay_crystal_water, uniq_grinder
D:6:      layout_basic, nicolae_overflow_crystal_walls, minivault_26,
          uniq_jeremiah
D:7:      layout_basic, serial_bayou_lagoon_a
D:8:      layout_loops_ring, xom_teletrap_fun, roderic_lattice_a,
          serial_library_hellmonk_recessed_alcove, roderic_roman_lattice
D:9:      layout_basic, erik_orc_3

Skill      XL: |  1  2  3  4  5  6  7  8  9 10 |
---------------+-------------------------------+-----
Spellcasting   | 1 2 3 4 5 7 |  7.1
Conjurations   | 1 2 3 4 5 7 |  7.1
Hexes          | 1 2 3 4 5 7 |  7.1
Summonings     | 1 2 3 4 5 7 |  7.1
Necromancy     | 1 2 3 4 5 7 |  7.1
Translocations | 1 2 3 4 5 7 |  7.1
Fire Magic     | 1 2 3 4 5 7 |  7.1
Ice Magic      | 1 2 3 4 5 7 |  7.1
Air Magic      | 1 2 3 4 5 7 |  7.1
Earth Magic    | 1 2 3 4 5 7 |  7.1
Alchemy        | 1 2 3 4 5 7 |  7.1
Long Blades    | 3 4 5 6 |  6.2
Armour         | 2 3 4 5 6 |  6.2
Dodging        | 3 4 5 6 7 |  7.1
Fighting       | 4 5 6 |  6.9

Action                     |  1- 3 |  4- 6 |  7- 9 | 10-12 || total
---------------------------+-------+-------+-------+-------++-------
  Melee: Falchion          |   110 |    62 |   352 |   197 ||   721
         Headbutt          |     5 |    11 |   102 |    47 ||   165
         Punch             |       |     2 |     4 |     3 ||     9
  Evoke: Wand              |       |       |     9 |       ||     9
    Use: Scroll            |       |       |     4 |     4 ||     8
         Potion            |       |       |       |     3 ||     3
   Stab: Paralysed         |     1 |       |       |       ||     1
         Sleeping          |     1 |     4 |     9 |     2 ||    16
         Petrified         |       |       |     4 |       ||     4
         Confused          |       |       |     1 |       ||     1
 Armour: Leather armour    |    62 |    15 |       |       ||    77
         Ring mail         |       |    11 |   224 |    95 ||   330
  Dodge: Dodged            |    90 |    29 |   236 |   104 ||   459
  Block: Other             |     6 |    10 |    64 |    45 ||   125
         Reflection        |       |       |     1 |     1 ||     2

Table legend: (Time is in decaauts)
 A = Elapsed time spent in this place.
 B = Non-inter-level travel time spent in this place.
 C = Inter-level travel time spent in this place.
 D = Time resting spent in this place.
 E = Time spent auto-exploring this place.
 F = Levels seen in this place.
 G = Mean time per level.
                   A        B        C        D        E       F      G
               +--------+--------+--------+--------+--------+-----+--------+
         Total |   9459 |   9135 |    324 |   3121 |   4409 |   9 | 1051.0 |
       Dungeon |   9459 |   9135 |    324 |   3121 |   4409 |   9 | 1051.0 |
               +--------+--------+--------+--------+--------+-----+--------+

Top non-repeatable levels by time:
     D:1: 3734 daAuts
     D:5: 994 daAuts
     D:2: 936 daAuts
     D:8: 904 daAuts
     D:6: 783 daAuts
     D:7: 719 daAuts
     D:4: 584 daAuts
     D:3: 523 daAuts
     D:9: 279 daAuts
